 Dungeon Crawl Stone Soup version 0.21.1-77-g46dbe93 (webtiles) character file.

337 Inarius the Bolt Thrower (level 6, -6/37 HPs)
             Began as a Kobold Hunter on Sept 7, 2018.
             Was an Elder of Jiyva.
             Killed by nerve-wracking pain
             ... invoked by p0werm0de's ghost
              (13 damage)
             ... on level 3 of the Dungeon.
             The game lasted 00:11:06 (3894 turns).

Inarius the Bolt Thrower (Kobold Hunter)            Turns: 3894, Time: 00:11:07

Health: -6/37      AC:  5    Str: 12    XL:     6   Next: 85%
Magic:  6/6        EV: 13    Int: 14    God:    Jiyva [****..]
Gold:   137        SH:  6    Dex: 15    Spells: 5/5 levels left

rFire    . . .     SeeInvis .   b - +0 short sword
rCold    . . .     Gourm    .   t - +2 buckler
rNeg     . . .     Faith    .   k - +0 ring mail
rPois    +         Spirit   .   (no helmet)
rElec    .         Reflect  .   (no cloak)
rCorr    +         Harm     .   (no gloves)
MR       .....                  (no boots)
Stlth    ++........             (no amulet)
HPRegen  0.12/turn              p - ring of poison resistance
MPRegen  0.10/turn              (no ring)

@: slowed, drained, very slow
A: small, carnivore, clever 1
a: Request Jelly, Slimify, Renounce Religion


You were on level 3 of the Dungeon.
You worshipped Jiyva.
Jiyva was greatly pleased with you.
You were completely stuffed.

You visited 1 branch of the dungeon, and saw 3 of its levels.
You also visited: Sewer.

You collected 137 gold pieces.

Inventory:

Hand Weapons
 a - a +2 hand crossbow
 b - a +0 short sword (weapon)
Missiles
 d - 32 bolts
Armour
 c - a +0 leather armour
 k - a +0 ring mail (worn)
 t - a +2 buckler (worn)
Jewellery
 p - a ring of poison resistance (left hand)
Scrolls
 i - 3 scrolls of remove curse
 m - a scroll of enchant weapon
 n - 3 scrolls of blinking {unknown}
 r - 3 scrolls of enchant armour
 s - a scroll of teleportation {unknown}
Potions
 e - 3 potions of curing
 g - a potion of heal wounds
 h - a potion of cancellation {unknown}
 j - a potion of agility {unknown}
 l - a potion of might
 o - 3 potions of brilliance
 q - a potion of berserk rage {unknown}
Comestibles
 f - 3 rations
 u - 5 chunks of flesh


   Skills:
 + Level 3.2(2.9) Fighting
 * Level 4.5(4.2) Short Blades
 + Level 5.4(5.2) Crossbows
 + Level 1.5(1.2) Armour
 + Level 3.3(3.0) Dodging
 * Level 3.9(3.6) Stealth
 + Level 1.0(0.7) Shields


You had 5 spell levels left.
You didn't know any spells.

Dungeon Overview and Level Annotations

Branches:
Dungeon (3/15)

Altars:
Jiyva

Annotations:
D:3 p0werm0de's ghost, weakling OpNe


Innate Abilities, Weirdness & Mutations

You are small and have problems with some larger weapons.
You are carnivorous and can eat meat at any time.
Your mind is acute. (Int +2)


Message History

Unknown command.
P0werm0de's ghost whispers, "The ORB doesn't exist."
You see here the felid corpse of Natasha.
You butcher the felid corpse of Natasha.
P0werm0de's ghost says, "Do you think the gods will protect you?"
You see here 2 chunks of flesh.
u - 5 chunks of flesh (gained 2) P0werm0de's ghost hits you.
You feel drained.
P0werm0de's ghost stares at you and mumbles some strange words.
Pain shoots through your body! P0werm0de's ghost barely misses you.
Okay, then.
Unknown command.
P0werm0de's ghost casts a spell at you. Pain shoots through your body!
* * * LOW HITPOINT WARNING * * *
P0werm0de's ghost closely misses you.
P0werm0de's ghost stares at you and mumbles some strange words.
Pain shoots through your body!
You die...

..# ##..###.#.####.###......###
..# ###.###........# #####.....
..#####....##>...##### ##....
#..##...#...#........### ##...
#.....####......####...### #...
##.....#.<.......# ###...# ##...
#................#######.####....
...............W.........>..#....
.....######.....@############...J
.....≈≈≈≈.#......## ##.....
......≈≈≈≈#.......# ##..#...
......≈≈≈≈#....##.########..#####
........≈≈#....##.##.......##
#........≈#...###.##.#######
##........J..## #.<..#
############# ######


You could see p0werm0de's ghost and a neutral jelly (fellow slime).

Vanquished Creatures
  2 big kobolds (Sewer)
  Natasha (D:3)
  5 adders
  5 river rats (Sewer)
  5 worms (D:2)
  5 dart slugs
  3 leopard geckos
  3 orcs (D:3)
  5 ball pythons
  8 bats
  7 giant cockroaches
  7 goblins
  5 hobgoblins
  6 jackals
  13 kobolds
  A quokka (D:2)
  4 frilled lizards
  10 rats
95 creatures vanquished.

Vanquished Creatures (others)
  2 jellies (Sewer)
  5 river rats (Sewer)
  A bat (D:3)
  2 goblins (D:3)
  3 jackals (D:3)
  2 ball pythons (Sewer)
  12 kobolds
  10 rats
37 creatures vanquished.

Grand Total: 132 creatures vanquished

Notes
Turn   | Place    | Note
-------+----------+-------------------------------------------
     0 | D:1      | Inarius the Kobold Hunter began the quest for the Orb.
     0 | D:1      | Reached XP level 1. HP: 12/12 MP: 1/1
    27 | D:1      | Reached skill level 5 in Crossbows
   153 | D:1      | Reached XP level 2. HP: 17/17 MP: 2/2
   288 | D:1      | Reached skill level 1 in Short Blades
   570 | D:1      | Reached XP level 3. HP: 21/21 MP: 3/3
  1423 | D:1      | Reached XP level 4. HP: 22/27 MP: 4/4
  2643 | D:2      | Reached XP level 5. HP: 31/31 MP: 5/5
  2709 | D:2      | Found a faded altar of an unknown god.
  2714 | D:2      | Became a worshipper of Jiyva Jopecef the Shapeless
  2714 | D:2      | Reached * piety under Jiyva
  2921 | D:3      | Noticed Natasha
  2968 | D:3      | Noticed p0werm0de's ghost (weakling OpNe)
  3018 | D:3      | Reached skill level 1 in Armour
  3088 | D:3      | Found a glowing drain.
  3102 | Sewer    | Entered a sewer
  3274 | Sewer    | Reached ** piety under Jiyva
  3345 | Sewer    | Reached *** piety under Jiyva
  3350 | Sewer    | Reached XP level 6. HP: 33/37 MP: 6/6
  3355 | Sewer    | Gained mutation: Your mind is acute. (Int +2) [Jiyva's grace]
  3776 | D:3      | Reached **** piety under Jiyva
  3884 | D:3      | Killed Natasha
  3884 | D:3      | Reached skill level 1 in Shields
  3894 | D:3      | Killed from afar by p0werm0de's ghost

Skill      XL: |  1  2  3  4  5  6 |
---------------+-------------------+-----
Crossbows      | 5 |  5.4
Short Blades   | 1 2 3 4 |  4.5
Stealth        | 2 3 |  3.9
Dodging        | 3 |  3.3
Armour         | 1 |  1.5
Fighting       | 3 |  3.2
Shields        | 1 |  1.0

Action                   |  1- 3 |  4- 6 || total
-------------------------+-------+-------++-------
Melee: Short sword       |   126 |   301 ||   427
 Fire: Hand crossbow     |    15 |    27 ||    42
Invok: Request Jelly     |       |     1 ||     1
  Use: Scroll            |     1 |     4 ||     5
       Potion            |       |     5 ||     5
 Stab: Sleeping          |     4 |     2 ||     6
       Distracted        |       |     1 ||     1
  Eat: Chunk             |    10 |     6 ||    16
Armor: Leather armour    |    31 |       ||    31
       Ring mail         |    21 |    79 ||   100
Dodge: Dodged            |   124 |   197 ||   321
Block: Buckler           |       |    60 ||    60
